TOP OF THE 1ST |
Cincinnati Pride batting - Pitching for Bemidji Benders : LHP José Travez
|
Pitching: LHP José Travez
|
|
Batting: SHB Jaime Martínez
|
0-0: Called Strike 0-1: Foul Ball, location: 2F 0-2: Foul Ball, location: 2F 0-2: Foul Ball, location: 2F 0-2: Hit by Pitch
|
Batting: RHB George Martin
|
0-0: Ball 1-0: Called Strike 1-1: Called Strike 1-2: Ball 2-2: Strikes out swinging
|
Batting: LHB John Clark
|
0-0: Swinging Strike 0-1: Ball 1-1: Swinging Strike 1-2: Strikes out looking
|
Batting: LHB Gabriel Aragón
|
0-0: Ball Jaime Martínez steals 2nd base 1-0: Called Strike 1-1: Swinging Strike 1-2: Strikes out swinging
|
Top of the 1st over - 0 run(s), 0 hit(s), 0 error(s), 1 left on base; Cincinnati 0 - Bemidji 0 |
BOTTOM OF THE 1ST |
Bemidji Benders batting - Pitching for Cincinnati Pride : RHP Bart Brown
|
Pitching: RHP Bart Brown
|
|
Batting: LHB Simăo Polido
|
0-0: Ball 1-0: Called Strike 1-1: Foul Ball, location: 2F 1-2: Ball 2-2: Strikes out looking
|
Batting: LHB Pat Carroll
|
0-0: Fly out, F3 (Popup, 3D)
|
Batting: RHB Robert Rose
|
0-0: Ball 1-0: Ball 2-0: Called Strike 2-1: Ball 3-1: Called Strike 3-2: Ground out 5-3 (Groundball, 56S)
|
Bottom of the 1st over - 0 run(s), 0 hit(s), 0 error(s), 0 left on base; Cincinnati 0 - Bemidji 0 |
TOP OF THE 2ND |
Cincinnati Pride batting - Pitching for Bemidji Benders : LHP José Travez
|
Batting: RHB Roger Rush
|
0-0: Foul Ball, location: 2F 0-1: Called Strike 0-2: Ball 1-2: Strikes out swinging
|
Batting: RHB Keith Sheehan
|
0-0: Ball 1-0: Foul Ball, location: 2F 1-1: Foul Ball, location: 2F 1-2: Strikes out looking
|
Batting: RHB Jorge Flores
|
0-0: Ball 1-0: Ball 2-0: Ball 3-0: Called Strike 3-1: Foul Ball, location: 2F 3-2: Fly out, F9 (Flyball, 9S)
|
Top of the 2nd over - 0 run(s), 0 hit(s), 0 error(s), 0 left on base; Cincinnati 0 - Bemidji 0 |
BOTTOM OF THE 2ND |
Bemidji Benders batting - Pitching for Cincinnati Pride : RHP Bart Brown
|
Batting: SHB Gary Williams
|
0-0: Ball 1-0: Ground out 4-3 (Groundball, 34)
|
Batting: SHB Jorge Aguilar
|
0-0: Called Strike 0-1: Ball 1-1: SINGLE (Groundball, 34) (infield hit)
|
Batting: RHB Ralph Wells
|
0-0: Ball 1-0: Foul Ball, location: 2F 1-1: Ball 2-1: Ball 3-1: Base on Balls Jorge Aguilar to second
|
Batting: SHB Carlos González
|
0-0: Ball Ralph Wells is caught stealing 2nd base 1-0: Ball 2-0: Swinging Strike 2-1: Swinging Strike 2-2: Ball 3-2: Base on Balls
|
Batting: SHB Frank Grant
|
0-0: Called Strike 0-1: Ball 1-1: Ball 2-1: Foul Ball, location: 2F 2-2: Foul Ball, location: 2F 2-2: Strikes out swinging
|
Bottom of the 2nd over - 0 run(s), 1 hit(s), 0 error(s), 2 left on base; Cincinnati 0 - Bemidji 0 |
TOP OF THE 3RD |
Cincinnati Pride batting - Pitching for Bemidji Benders : LHP José Travez
|
Batting: SHB Jorge Maldonado
|
0-0: Fly out, F8 (Flyball, 8RM)
|
Batting: RHB Burkhard Bittinger
|
0-0: Ball 1-0: Foul Ball, location: 2F 1-1: Foul Ball, location: 2F 1-2: Foul Ball, location: 2F 1-2: Strikes out swinging
|
Batting: SHB Jaime Martínez
|
0-0: Ball 1-0: Foul Ball, location: 2F 1-1: Ball 2-1: Foul Ball, location: 2F 2-2: Ground out 1-3 (Groundball, 13S)
|
Top of the 3rd over - 0 run(s), 0 hit(s), 0 error(s), 0 left on base; Cincinnati 0 - Bemidji 0 |
BOTTOM OF THE 3RD |
Bemidji Benders batting - Pitching for Cincinnati Pride : RHP Bart Brown
|
Batting: RHB John Jones
|
0-0: Ball 1-0: Ground out 6-3 (Groundball, 6)
|
Batting: LHB Simăo Polido
|
0-0: Swinging Strike 0-1: Ball 1-1: Foul Ball, location: 2F 1-2: Ground out 4-3 (Groundball, 4)
|
Batting: LHB Pat Carroll
|
0-0: Fly out, F8 (Flyball, 8RM)
|
Bottom of the 3rd over - 0 run(s), 0 hit(s), 0 error(s), 0 left on base; Cincinnati 0 - Bemidji 0 |
TOP OF THE 4TH |
Cincinnati Pride batting - Pitching for Bemidji Benders : LHP José Travez
|
Batting: RHB George Martin
|
0-0: Ball 1-0: Foul Ball, location: 2F 1-1: Ball 2-1: Fly out, F6 (Line Drive, 6)
|
Batting: LHB John Clark
|
0-0: Ball 1-0: Called Strike 1-1: SOLO HOME RUN (Flyball, 7D), Distance : 340 ft
|
Batting: LHB Gabriel Aragón
|
0-0: Ball 1-0: Ball 2-0: Called Strike 2-1: Fly out, F8 (Flyball, 8LS)
|
Batting: RHB Roger Rush
|
0-0: Ball 1-0: Ball 2-0: Ball 3-0: Base on Balls
|
Batting: RHB Keith Sheehan
|
0-0: Ball 1-0: Called Strike Roger Rush steals 2nd base 1-1: Fly out, F8 (Flyball, 8LM)
|
Top of the 4th over - 1 run(s), 1 hit(s), 0 error(s), 1 left on base; Cincinnati 1 - Bemidji 0 |
BOTTOM OF THE 4TH |
Bemidji Benders batting - Pitching for Cincinnati Pride : RHP Bart Brown
|
Batting: RHB Robert Rose
|
0-0: Called Strike 0-1: Ball 1-1: Called Strike 1-2: Strikes out swinging
|
Batting: SHB Gary Williams
|
0-0: Called Strike 0-1: Ball 1-1: Fly out, F3 (Line Drive, 3)
|
Batting: SHB Jorge Aguilar
|
0-0: Ball 1-0: Ball 2-0: Fly out, F9 (Flyball, 9)
|
Bottom of the 4th over - 0 run(s), 0 hit(s), 0 error(s), 0 left on base; Cincinnati 1 - Bemidji 0 |
TOP OF THE 5TH |
Cincinnati Pride batting - Pitching for Bemidji Benders : LHP José Travez
|
Batting: RHB Jorge Flores
|
0-0: Called Strike 0-1: Ball 1-1: Foul Ball, location: 2F 1-2: Foul Ball, location: 2F 1-2: Strikes out swinging
|
Batting: SHB Jorge Maldonado
|
0-0: Foul Ball, location: 2F 0-1: Swinging Strike 0-2: Strikes out swinging
|
Batting: RHB Burkhard Bittinger
|
0-0: Called Strike 0-1: Fly out, F9 (Flyball, 9LM)
|
Top of the 5th over - 0 run(s), 0 hit(s), 0 error(s), 0 left on base; Cincinnati 1 - Bemidji 0 |
BOTTOM OF THE 5TH |
Bemidji Benders batting - Pitching for Cincinnati Pride : RHP Bart Brown
|
Batting: RHB Ralph Wells
|
0-0: Called Strike 0-1: Ball 1-1: Ball 2-1: Fly out, F9 (Flyball, 9LSF)
|
Batting: SHB Carlos González
|
0-0: SINGLE (Line Drive, 78S)
|
Batting: SHB Frank Grant
|
0-0: Ball 1-0: Swinging Strike 1-1: Swinging Strike 1-2: Hit by Pitch Carlos González to second
|
Batting: RHB John Jones
|
0-0: Ball 1-0: Ground out 3-1 (Groundball, 34S) Carlos González to third Frank Grant to second
|
Batting: LHB Simăo Polido
|
0-0: Foul Ball, location: 2F 0-1: Foul Ball, location: 2F 0-2: Foul Ball, location: 2F 0-2: Ball 1-2: Ball 2-2: Ball 3-2: Foul Ball, location: 2F 3-2: Base on Balls
|
Batting: LHB Pat Carroll
|
0-0: Ball 1-0: Ball 2-0: Ball 3-0: Base on Balls Carlos González scores Frank Grant to third Simăo Polido to second
|
Batting: RHB Robert Rose
|
0-0: Foul Ball, location: 2F 0-1: Swinging Strike 0-2: SINGLE (Groundball, 4MD) Frank Grant scores Simăo Polido to third Pat Carroll to second Runner from 3rd tries for Home, SAFE, no throw
|
Batting: SHB Gary Williams
|
0-0: Ball 1-0: SINGLE (Groundball, 6MD) Pat Carroll to third Robert Rose to second Runner from 3rd tries for Home, SAFE, no throw
|
Batting: SHB Jorge Aguilar
|
0-0: Ball 1-0: Called Strike 1-1: SINGLE (Line Drive, 9LS) Robert Rose to third Gary Williams to second Runner from 3rd tries for Home, SAFE, throw made home Gary Williams to third Jorge Aguilar to second
|
Pitching: RHP Sam Mathis
|
|
Batting: RHB Ralph Wells
|
0-0: Fly out, F7 (Flyball, 7S)
|
Bottom of the 5th over - 5 run(s), 4 hit(s), 0 error(s), 2 left on base; Cincinnati 1 - Bemidji 5 |
TOP OF THE 6TH |
Cincinnati Pride batting - Pitching for Bemidji Benders : LHP José Travez
|
Batting: SHB Jaime Martínez
|
0-0: Called Strike 0-1: Foul Ball, location: 2F 0-2: Ball 1-2: Ball 2-2: Strikes out swinging
|
Batting: RHB George Martin
|
0-0: Called Strike 0-1: Foul Ball, location: 2F 0-2: Ball 1-2: Ball 2-2: Strikes out looking
|
Batting: LHB John Clark
|
0-0: Called Strike 0-1: Swinging Strike 0-2: Foul Ball, location: 2F 0-2: Ball 1-2: Fly out, F7 (Line Drive, 7)
|
Top of the 6th over - 0 run(s), 0 hit(s), 0 error(s), 0 left on base; Cincinnati 1 - Bemidji 5 |
BOTTOM OF THE 6TH |
Bemidji Benders batting - Pitching for Cincinnati Pride : RHP Sam Mathis
|
Batting: SHB Carlos González
|
0-0: Foul Ball, location: 2F 0-1: Ball 1-1: Ball 2-1: Swinging Strike 2-2: Ball 3-2: Strikes out looking
|
Batting: SHB Frank Grant
|
0-0: Called Strike 0-1: Ball 1-1: Ball 2-1: Ball 3-1: Foul Ball, location: 2F 3-2: Base on Balls
|
Batting: RHB John Jones
|
0-0: Ball 1-0: Ball 2-0: Ball 3-0: Called Strike 3-1: Base on Balls Frank Grant to second
|
Batting: LHB Simăo Polido
|
0-0: Grounds into double play, 4-6-3 (Groundball, 34)
|
Bottom of the 6th over - 0 run(s), 0 hit(s), 0 error(s), 1 left on base; Cincinnati 1 - Bemidji 5 |
TOP OF THE 7TH |
Cincinnati Pride batting - Pitching for Bemidji Benders : LHP José Travez
|
Pitching: RHP Sergio Hernández
|
|
Batting: LHB Gabriel Aragón
|
0-0: Ball 1-0: Foul Ball, location: 2F 1-1: Called Strike 1-2: SOLO HOME RUN (Flyball, 9D), Distance : 344 ft
|
Batting: RHB Roger Rush
|
0-0: SINGLE (Line Drive, 4MD)
|
Batting: RHB Keith Sheehan
|
0-0: Called Strike 0-1: Called Strike 0-2: Strikes out swinging
|
Batting: RHB Jorge Flores
|
0-0: 2-RUN HOME RUN (Flyball, 89XD), Distance : 362 ft
|
Pitching: RHP António Castaneda
|
|
Batting: SHB Jorge Maldonado
|
0-0: Foul Ball, location: 2F 0-1: Ball 1-1: Swinging Strike 1-2: Ball 2-2: Strikes out swinging
|
Batting: RHB Burkhard Bittinger
|
0-0: Called Strike 0-1: Ball 1-1: Fly out, F5 (Popup, 5D)
|
Top of the 7th over - 3 run(s), 3 hit(s), 0 error(s), 0 left on base; Cincinnati 4 - Bemidji 5 |
BOTTOM OF THE 7TH |
Bemidji Benders batting - Pitching for Cincinnati Pride : RHP Sam Mathis
|
Batting: LHB Pat Carroll
|
0-0: Foul Ball, location: 2F 0-1: Ball 1-1: Called Strike 1-2: Strikes out swinging
|
Batting: RHB Robert Rose
|
0-0: Ball 1-0: Ball 2-0: Ball 3-0: Base on Balls
|
Batting: SHB Gary Williams
|
0-0: Called Strike 0-1: Called Strike 0-2: Ball 1-2: Strikes out swinging
|
Pinch Hitting: RHB Taylor Justice
|
0-0: SINGLE (Groundball, 25) (infield hit) Robert Rose to second
|
Batting: RHB Ralph Wells
|
0-0: Ball 1-0: SINGLE (Flyball, 9) Robert Rose to third Taylor Justice to second Runner from 3rd tries for Home, SAFE, throw made home
|
Pinch Hitting: LHB Ramón Juárez
|
0-0: Ball 1-0: Called Strike 1-1: Swinging Strike 1-2: Ball 2-2: Strikes out looking
|
Bottom of the 7th over - 1 run(s), 2 hit(s), 0 error(s), 2 left on base; Cincinnati 4 - Bemidji 6 |
TOP OF THE 8TH |
Cincinnati Pride batting - Pitching for Bemidji Benders : RHP António Castaneda
|
Now in LF: Ramón Juárez
|
|
Now in CF: Pedro López
|
|
Batting: SHB Jaime Martínez
|
0-0: Called Strike 0-1: Ball 1-1: Foul Ball, location: 2F 1-2: Ball 2-2: Strikes out swinging
|
Batting: RHB George Martin
|
0-0: Ball 1-0: SINGLE (Line Drive, 89S)
|
Pitching: LHP Pedro González
|
|
Batting: LHB John Clark
|
0-0: Swinging Strike 0-1: Foul Ball, location: 2F 0-2: Strikes out swinging
|
Batting: LHB Gabriel Aragón
|
0-0: Called Strike 0-1: Ball 1-1: Ball 2-1: Called Strike 2-2: Fly out, F7 (Flyball, 78D)
|
Top of the 8th over - 0 run(s), 1 hit(s), 0 error(s), 1 left on base; Cincinnati 4 - Bemidji 6 |
BOTTOM OF THE 8TH |
Bemidji Benders batting - Pitching for Cincinnati Pride : RHP Sam Mathis
|
Batting: SHB Frank Grant
|
0-0: Ball 1-0: SINGLE (Line Drive, 4M)
|
Batting: RHB John Jones
|
0-0: Ball 1-0: Grounds into double play, 6-4-3 (Groundball, 6)
|
Batting: LHB Simăo Polido
|
0-0: Ball 1-0: Ball 2-0: Called Strike 2-1: Swinging Strike 2-2: Ball 3-2: Strikes out swinging
|
Bottom of the 8th over - 0 run(s), 1 hit(s), 0 error(s), 0 left on base; Cincinnati 4 - Bemidji 6 |
TOP OF THE 9TH |
Cincinnati Pride batting - Pitching for Bemidji Benders : LHP Pedro González
|
Pitching: RHP Ambrose Palmer
|
|
Batting: RHB Roger Rush
|
0-0: Called Strike 0-1: Ball 1-1: Ground out 5-3 (Groundball, 5L)
|
Batting: RHB Keith Sheehan
|
0-0: Called Strike 0-1: Ball 1-1: Called Strike 1-2: Strikes out swinging
|
Batting: RHB Jorge Flores
|
0-0: Called Strike 0-1: Ball 1-1: Swinging Strike 1-2: Strikes out swinging
|
Top of the 9th over - 0 run(s), 0 hit(s), 0 error(s), 0 left on base; Cincinnati 4 - Bemidji 6 |
|